 Dungeon Crawl Stone Soup version 0.25-a0-24-g72dcfe0359 (webtiles) character file.

Game seed: 7581766215813828174, levelgen mode: deterministic

224 Gynju the Magician (level 5, -2/28 HPs)
             Began as a Deep Elf Fire Elementalist on Oct 17, 2019.
             Slain by a gnoll
             ... wielding a +0 spear
              (11 damage)
             ... on level 4 of the Dungeon.
             The game lasted 00:06:44 (4448 turns).

Gynju the Magician (Deep Elf Fire Elementalist)     Turns: 4448, Time: 00:06:44

Health: -2/28      AC:  6    Str:  5    XL:     5   Next: 67%
Magic:  1/14       EV: 14    Int: 21    God:
Gold:   229        SH:  0    Dex: 15    Spells: 7/13 levels left

rFire    . . .     SeeInvis .   h - +1 mace (protect)
rCold    . . .     Gourm    .   (no shield)
rNeg     . . .     Faith    .   a - +0 robe
rPois    .         Spirit   .   r - +1 helmet
rElec    .         Reflect  .   f - +0 cloak
rCorr    .         Harm     .   (no gloves)
MR       .....                  t - +0 pair of boots
Stlth    +.........             (no amulet)
HPRegen  0.09/turn              i - ring of attention (curse)
MPRegen  0.14/turn              (no ring)

@: no status effects
A: no striking features
a: no special abilities


You were on level 4 of the Dungeon.
You were not hungry.

You visited 1 branch of the dungeon, and saw 4 of its levels.

You collected 229 gold pieces.

Inventory:

Hand Weapons
 h - a +1 mace of protection (weapon)
Armour
 a - a +0 robe (worn)
 f - a +0 cloak (worn)
 r - a +1 helmet (worn)
 t - a +0 pair of boots (worn)
Jewellery
 i - a cursed ring of attention (left hand)
 j - an uncursed ring of resist corrosion {unknown}
 p - an uncursed amulet of the acrobat {unknown}
Scrolls
 b - a scroll of identify {@r1}
 e - a scroll of teleportation
 o - 2 scrolls of enchant armour
Potions
 d - a potion of flight {unknown}
 g - a potion of degeneration
 k - a potion of brilliance
 l - 2 potions of agility
 m - a potion of might
 n - a potion of curing {unknown}
 q - a potion of heal wounds
Comestibles
 c - 3 rations
 s - 2 chunks of flesh


   Skills:
 + Level 4.1 Dodging
 - Level 2.4 Stealth
 + Level 4.7 Spellcasting
 + Level 3.2 Conjurations
 + Level 4.5 Fire Magic


You had 7 spell levels left.
You knew the following spells:

 Your Spells              Type           Power        Failure   Level  Hunger
a - Flame Tongue          Conj/Fire      ###..        2%          1    None
b - Throw Flame           Conj/Fire      ###...       3%          2    #......
c - Conjure Flame         Conj/Fire      ###.....     7%          3    ##.....

Your spell library contained the following spells:

 Spells                   Type           Power        Failure   Level  Hunger
 Inner Flame              Hex/Fire       ##......     13%         3    ##.....
 Sticky Flame             Conj/Fire      ###.....     22%         4    ####...
 Fireball                 Conj/Fire      ###.......   54%         5    ######.


Dungeon Overview and Level Annotations

Branches:
Dungeon (4/15)
 Temple: D:4-7

Altars:
Elyvilon
Fedhas
Makhleb
Qazlal
Xom
The Shining One


Message History

The gnoll is lightly wounded.
The gnoll hits you from afar with a +0 spear!
Casting: Flame Tongue (safe; 2% risk of failure)
Confirm with . or Enter, or press ? or * to list all spells.
Aiming: Flame Tongue (safe; 2% risk of failure)
Press: ? - help, Shift-Dir - straight line, f/p - gnoll
Aim: a gnoll, wielding a +0 spear (lightly wounded)
The flame tongue hits the gnoll.
The gnoll is moderately wounded.
The gnoll hits you from afar with a +0 spear.
* * * LOW HITPOINT WARNING * * *
Casting: Flame Tongue (safe; 2% risk of failure)
Confirm with . or Enter, or press ? or * to list all spells.
Aiming: Flame Tongue (safe; 2% risk of failure)
Press: ? - help, Shift-Dir - straight line, f/p - gnoll
Aim: a gnoll, wielding a +0 spear (moderately wounded)
The flame tongue hits the gnoll.
The gnoll is severely wounded.
The gnoll hits you from afar with a +0 spear!
You die...

.<. #......#.... ## ## ..
##........# ###. .
#.##........# .##.#. .#
###.#....<....## ......##.#
##...............#
.........###.................
......<..g.##..........######
.......##.###...........#
.......g...###..@.........#
..#..#g......#.†......#.... .
#..#gh#....#.g..#.####...#
#.....#.##....#.##.. ...# #.
###...#).##### .... .# ##
#...g...##.## .#..
##......<...# #.
###............ #.####.......


You could see a gnoll.

Vanquished Creatures
  2 hounds
  Robin (D:2)
  6 gnolls
  2 adders
  An ooze (D:2)
  A worm (D:2)
  2 leopard geckos
  An orc (D:3)
  7 bats
  A giant cockroach (D:1)
  16 goblins
  7 hobgoblins
  4 jackals (D:1)
  A quokka (D:2)
  3 ball pythons (D:3)
  5 frilled lizards
  4 kobolds
  8 rats
72 creatures vanquished.

Notes
Turn   | Place    | Note
-------+----------+-------------------------------------------
     0 | D:1      | Gynju the Deep Elf Fire Elementalist began the quest for
                  | the Orb.
     0 | D:1      | Reached XP level 1. HP: 10/10 MP: 6/6
   435 | D:1      | Reached XP level 2. HP: 15/15 MP: 2/8
  1044 | D:2      | Reached XP level 3. HP: 14/19 MP: 6/10
  1048 | D:2      | Learned a level 2 spell: Throw Flame
  1052 | D:2      | Learned a level 3 spell: Conjure Flame
  1550 | D:2      | Reached XP level 4. HP: 12/24 MP: 3/11
  1773 | D:2      | Found a blossoming altar of Fedhas.
  1821 | D:2      | Found a white marble altar of Elyvilon.
  1837 | D:2      | Noticed Robin
  2335 | D:2      | Found a shimmering altar of Xom.
  2457 | D:2      | Found a stormy altar of Qazlal.
  2463 | D:2      | Found a burning altar of Makhleb.
  2565 | D:2      | Found a faded altar of an unknown god.
  3089 | D:2      | Found a shimmering altar of Xom.
  3096 | D:2      | Found a white marble altar of Elyvilon.
  3235 | D:2      | Killed Robin
  3605 | D:3      | Reached XP level 5. HP: 24/28 MP: 6/13
  4110 | D:3      | Found a glowing golden altar of the Shining One.
  4448 | D:4      | Slain by a gnoll

Levels and vault maps discovered:
D:1:      lightli_arrival_maybe_door_vault, layout_loops_ring, minivault_26,
          minmay_tromino_v4_a
D:2:      layout_loops_corners, elyvilon_altar_5, fedhas_altar_4,
          lemuel_crystal_altar, overflow_temple_1_default, old_standard_altar,
          chequers_ecumenical_altar_island, uniq_robin
D:3:      layout_basic, tso_oasis_becter, hangedman_decor_points, minivault_11
D:4:      layout_cave_pools, lemuel_blue_sif_altar, lightli_sewer_entry_pipes

Skill      XL: |  1  2  3  4  5 |
---------------+----------------+-----
Dodging        | 3 4 |  4.1
Conjurations   | 2 3 |  3.2
Spellcasting   | 4 |  4.7
Fire Magic     | 4 |  4.5
Stealth        | |  2.4

Action                   |  1- 3 |  4- 6 || total
-------------------------+-------+-------++-------
Melee: Unarmed           |     1 |       ||     1
       Mace              |     5 |     2 ||     7
 Cast: Flame Tongue      |    55 |    75 ||   130
       Conjure Flame     |     1 |     3 ||     4
       Throw Flame       |       |    15 ||    15
  Use: Scroll            |       |     9 ||     9
  Eat: Chunk             |     1 |    10 ||    11
Armor: Robe              |     4 |     9 ||    13
Dodge: Dodged            |    29 |    25 ||    54

Table legend:
 A = Non-vault XP
 B = Vault XP
 C = Vault XP percentage of total XP
 D = Non-vault monster count
 E = Vault monster count
 F = Vault count percentage of total count
                 A         B        C        D         E       F
            +---------+---------+-------+---------+---------+-------
      Total |     282 |      38 |  11.9 |      58 |      14 |  19.4
            +---------+---------+-------+---------+---------+-------
        D:1 |      33 |       1 |   2.9 |      19 |       1 |   5.0
        D:2 |      97 |      37 |  27.6 |      24 |      13 |  35.1
        D:3 |      81 |       0 |   0.0 |      12 |       0 |   0.0
        D:4 |      71 |       0 |   0.0 |       3 |       0 |   0.0
            +---------+---------+-------+---------+---------+-------
